 Dungeon Crawl Stone Soup version 0.28.0 (webtiles) character file.

Game seed: 9829665585560815034

13643 isplatspriggans the Nimble (level 11, -10/60 HPs)
             Began as a Spriggan Ice Elementalist on Feb 10, 2022.
             Was a Priest of Vehumet.
             Mangled by a sixfirhy (11 damage)
             ... summoned by a kobold demonologist
             ... on level 11 of the Dungeon.
             The game lasted 00:28:00 (14514 turns).

isplatspriggans the Nimble (SpIE)                  Turns: 14514, Time: 00:28:02

Health: -10/60     AC:  6    Str: 10    XL:     11   Next: 78%
Magic:  0/33       EV: 26    Int: 20    God:    Vehumet [***...]
Gold:   538        SH:  0    Dex: 17    Spells: 11/26 levels left

rFire   . . .      SeeInvis +   H - staff of cold {!a}
rCold   + . .      Faith    .   (shield currently unavailable)
rNeg    . . .      Spirit   +   y - +1 robe of Vokkiatt {Str+6}
rPois   .          Reflect  .   C - +2 hat
rElec   .          Harm     .   x - +0 cloak
rCorr   .          Rampage  .   (gloves unavailable)
Will    +....                   (boots unavailable)
Stlth   ++........              G - amulet of guardian spirit
HPRegen 0.20/turn               Z - ring of wizardry
MPRegen 0.23/turn               W - ring of magical power

@: studying Crossbows, very quick
A: very small, no large weapons, unfitting armour, see invisible, speed 3
a: Renounce Religion


You were on level 11 of the Dungeon.
You worshipped Vehumet.
Vehumet was most pleased with you.
You visited 2 branches of the dungeon, and saw 14 of its levels.

You collected 604 gold pieces.
You spent 66 gold pieces at shops.


Innate Abilities, Weirdness & Mutations

You are very small and have problems with some larger weapons.
You are too small for most types of armour.
You have supernaturally acute eyesight. (SInv)
You cover ground extremely quickly. (Speed+++)


   Skills:
 + Level 8.4 Fighting
 + Level 13.2 Dodging
 - Level 3.0 Stealth
 - Level 8.0 Spellcasting
 - Level 5.0 Conjurations
 + Level 8.5 Ice Magic


You had 11 spell levels left.
You knew the following spells:

 Your Spells              Type           Power      Damage    Failure   Level
f - Foxfire               Conj/Fire      72%        2x1d7     1%          1
o - Ozocubu's Armour      Ice            59%        N/A       1%          3
r - Frozen Ramparts       Ice            100%       1d12      1%          3
w - Stone Arrow           Conj/Erth      36%        3d9       1%          3
z - Freeze                Ice            100%       1d11      1%          1
X - Hailstorm             Conj/Ice       51%        3d11      1%          4

Your spell library contained the following spells:

 Spells                   Type           Power      Damage    Failure   Level
 Fulminant Prism          Conj/Hex       9%         3d7       3%          4
 Magic Dart               Conj           100%       1d8       1%          1
 Sandblast                Erth           16%        2d6       1%          1
 Poisonous Vapours        Pois/Air       16%        N/A       1%          2
 Mephitic Cloud           Conj/Pois/Air  14%        N/A       1%          3
 Sting                    Tmut/Pois      32%        1d4       3%          1
 Summon Small Mammal      Summ           32%        N/A       3%          1
 Call Imp                 Summ           8%         N/A       5%          2
 Passwall                 Tmut/Erth      6%         N/A       5%          2
 Ice Form                 Ice/Tmut       37%        N/A       6%          4
 Olgreb's Toxic Radiance  Pois           8%         N/A       10%         4
 Call Canine Familiar     Summ           8%         N/A       11%         3
 Gell's Gravitas          Tloc           8%         N/A       11%         3
 Lesser Beckoning         Tloc           8%         N/A       11%         3
 Summon Guardian Golem    Hex/Summ       8%         N/A       11%         3
 Teleport Other           Tloc           8%         N/A       11%         3
 Ozocubu's Refrigeration  Ice            29%        4d10      22%         7
 Simulacrum               Ice/Necr       18%        N/A       63%         6
 Ignition                 Fire           4%         3d4       100%        8

Inventory:

Hand Weapons
 c - a +2 hand axe of venom
Missiles
 b - 493 stones
 s - 3 throwing nets {=f}
Armour
 a - a +0 robe
 x - a +0 cloak (worn)
 y - the +1 robe of Vokkiatt (worn) {Str+6}
   (You found it on level 7 of the Dungeon)

   Str:       It affects your strength (+6).
 C - a +2 hat (worn)
Magical Staves
 j - a staff of death {!a}
 H - a staff of cold (weapon) {!a}
Jewellery
 g - an amulet of reflection
 n - a ring of positive energy
 q - a ring of willpower
 t - a ring of willpower
 z - a ring of wizardry
 E - a ring of positive energy
 G - an amulet of guardian spirit (around neck)
 N - a ring of positive energy
 R - a ring of resist corrosion
 W - a ring of magical power (right hand)
 Z - a ring of wizardry (left hand)
Wands
 p - a wand of flame (24)
 w - a wand of mindburst (19)
Scrolls
 h - a scroll of fear {unknown}
 l - a scroll of fog
 v - a scroll of blinking
 B - a scroll of teleportation {@r4}
 D - 3 scrolls of silence {!r}
Potions
 d - a potion of berserk rage {!q}
 e - 3 potions of might
 f - 2 potions of magic
 i - a potion of mutation
 k - 2 potions of haste {@q3}
 m - a potion of ambrosia
 o - a potion of heal wounds {unknown}
 r - 2 potions of cancellation
 u - a potion of curing {@q1}
 A - 4 potions of flight
 F - a potion of attraction
Miscellaneous
 I - a piece from Xom's chessboard (15/15)

Dungeon Overview and Level Annotations

Branches:
Dungeon (13/15)            Temple (1/1) D:4            Lair (0/6) D:9
    Orc (0/2) D:9
 Vaults: D:13-14

Altars:
Ashenzari
Cheibriados
Dithmenos
Elyvilon
Fedhas
Gozag
Hepliaklqana
Kikubaaqudgha
Makhleb
Nemelex Xobeh
Okawaru
Qazlal
Ru
Sif Muna
Trog
Uskayaw
Vehumet
Wu Jian
Xom
Yredelemnul
Zin
The Shining One

Shops:
D:8 =   D:10 *

Annotations:
D:11 exclusion: door

.#
#.............'...'........
##
#.............#####........
#.............# #........
#.............# #####'###
########+###### #....
######## #####.......
########### #...'.......
......5@..###.###.......
....K..3......# #.......
.....4ยง...##### #..)....
..........# #....... .#
.########## ######## .# ##
############


You could see a rust devil (summoned), a kobold demonologist, a sixfirhy
(summoned) and a white imp (summoned).


Message History

The sixfirhy closely misses you. The sixfirhy hits you!
The sixfirhy shocks you! The sixfirhy hits you. The sixfirhy shocks you!
* * * LOW HITPOINT WARNING * * *
The kobold demonologist casts a spell.
The sixfirhy completely misses you.
Unknown command.
Unknown command.
Unknown command.
Casting: Hailstorm (dangerous; 1% risk of failure)
Confirm with . or Enter, or press ? or * to list all spells.
Casting: Hailstorm (dangerous; 1% risk of failure)
Press: ? - help, Dir - look around, f - activate You feel a surge of power!
A cannonade of hail descends around you!
The hail pelts the kobold demonologist!
The kobold demonologist is almost dead.
The hail pelts the rust devil!
The rust devil partially resists.
The rust devil is moderately wounded.
The sixfirhy hits you.
* * * LOW HITPOINT WARNING * * *
The sixfirhy shocks you!
* * * LOW HITPOINT WARNING * * *
The sixfirhy hits you.
* * * LOW HITPOINT WARNING * * *
The sixfirhy shocks you!
* * * LOW HITPOINT WARNING * * *
The sixfirhy completely misses you. The white imp gestures at you.
The puff of frost misses you. The sixfirhy hits you!
You die...

Skill      XL: |  1  2  3  4  5  6  7  8  9 10 11 |
---------------+----------------------------------+-----
Dodging        | 3 6 8 9 11 13 | 13.2
Spellcasting   | 3 4 5 7 8 |  8.0
Ice Magic      | 4 5 6 7 8 |  8.5
Fighting       | 1 3 4 5 7 8 |  8.4
Conjurations   | 1 2 4 5 |  5.0
Stealth        | |  3.0

Action                   |  1- 3 |  4- 6 |  7- 9 | 10-12 || total
-------------------------+-------+-------+-------+-------++-------
Melee: Hand axe          |    53 |    35 |    98 |    10 ||   196
       Punch             |     1 |       |     1 |       ||     2
       Staff             |       |       |       |     5 ||     5
 Cast: Freeze            |    31 |    41 |    63 |    49 ||   184
       Frozen Ramparts   |       |    12 |    22 |    15 ||    49
       Ozocubu's Armour  |       |     5 |    17 |     9 ||    31
       Hailstorm         |       |       |    13 |    59 ||    72
       Foxfire           |       |       |    25 |    16 ||    41
       Stone Arrow       |       |       |       |    86 ||    86
  Use: Scroll            |     3 |       |    11 |     7 ||    21
 Stab: Sleeping          |     7 |     2 |       |       ||     9
Armor: Robe              |     9 |     3 |    21 |    15 ||    48
Dodge: Dodged            |    49 |    68 |   222 |   122 ||   461

Levels and vault maps discovered:
D:1:      grunt_arrival_lava_bath, layout_basic
D:2:      layout_rooms, basic_altar, hellmonk_ecumenical_altar_run_dry,
          kennysheep_generic_room_6
D:3:      layout_loops_ring, uniq_natasha
D:4:      layout_loops_ring, minmay_temple_entry_arrows, minmay_misc_feat_doors,
          st_stairs_8
D:5:      layout_cave_pools, uniq_crazy_yiuf_cottage
D:6:      layout_basic, beargit_hepliaklqana_dungeon_heroes,
          minmay_manual_macuahuitl
D:7:      layout_gridville, general_overflow_altar
D:8:      layout_loops_ring, serial_bayou, serial_bayou_ford_a,
          serial_bayou_crossing, serial_bayou_pond_d, serial_bayou_lagoon_a,
          minmay_misc_feat_room, chequers_decorated_corner,
          nicolae_shop_unique_rings, roderic_roman_lattice
D:9:      layout_big_octagon, tso_altar, dpeg_lair_monsters, erik_orc_1,
          grunt_ministairs_15
D:10:     layout_grid_maze, serial_shops, shop_coins
D:11:     layout_roguey, uniq_snorg
D:12:     lemuel_ogre_cave, layout_long_grid, enter_trove_5, uniq_urug
D:13:     layout_irregular_city, erik_vaults_1, kennysheep_generic_room_2
Temple:   mainiacjoe_temple_bowtie_tessellation

Notes
Turn   | Place    | Note
-------+----------+-------------------------------------------
     0 | D:1      | isplatspriggans the Spriggan Ice Elementalist began the
                  | quest for the Orb.
     0 | D:1      | Reached XP level 1. HP: 9/9 MP: 5/5
   171 | D:1      | Reached skill level 3 in Dodging
   171 | D:1      | Reached skill level 3 in Spellcasting
   211 | D:1      | Reached XP level 2. HP: 13/13 MP: 7/7
   911 | D:2      | Reached XP level 3. HP: 13/16 MP: 1/9
  1093 | D:2      | Found a faded altar of an unknown god.
  1285 | D:2      | Identified the +2 dagger of Urgency {vamp, *Noise rF- rN++
                  | Dex+9}
  1389 | D:2      | Learned a level 3 spell: Frozen Ramparts
  1393 | D:2      | Learned a level 3 spell: Ozocubu's Armour
  1449 | D:2      | Reached skill level 4 in Spellcasting
  1456 | D:2      | Found a glowing silver altar of Zin.
  1690 | D:2      | Reached skill level 4 in Ice Magic
  1792 | D:3      | Reached XP level 4. HP: 21/21 MP: 11/11
  2003 | D:3      | Learned a level 4 spell: Hailstorm
  2061 | D:3      | Noticed Natasha
  2080 | D:3      | Killed Natasha
  2212 | D:3      | Noticed Natasha
  2224 | D:3      | Killed Natasha
  2225 | D:3      | Reached XP level 5. HP: 24/24 MP: 8/12
  2598 | D:3      | Noticed Natasha
  2611 | D:3      | Killed Natasha
  2612 | D:3      | Reached skill level 5 in Ice Magic
  3009 | D:4      | Reached XP level 6. HP: 28/28 MP: 13/13
  3195 | D:4      | Reached skill level 6 in Ice Magic
  3331 | D:4      | Found a staircase to the Ecumenical Temple.
  3336 | Temple   | Entered the Ecumenical Temple
  3458 | Temple   | Became a worshipper of Vehumet
  3751 | D:4      | Reached skill level 1 in Fighting
  3751 | D:4      | Reached skill level 1 in Conjurations
  3847 | D:4      | Reached XP level 7. HP: 28/33 MP: 14/14
  4201 | D:5      | Entered Level 5 of the Dungeon
  4229 | D:5      | Reached skill level 4 in Dodging
  4523 | D:5      | Reached skill level 2 in Fighting
  4560 | D:5      | >>staypositibe
  4726 | D:5      | Reached skill level 2 in Conjurations
  4965 | D:5      | Found a runed translucent door.
  4966 | D:5      | Noticed Crazy Yiuf
  4979 | D:5      | Killed Crazy Yiuf
  5183 | D:6      | Noticed a steam dragon
  5185 | D:6      | Reached skill level 5 in Dodging
  5187 | D:6      | Reached * piety under Vehumet
  5187 | D:6      | Offered knowledge of Foxfire by Vehumet.
  5379 | D:6      | Killed a steam dragon
  5440 | D:6      | Noticed a yak
  5441 | D:6      | Noticed a yak
  5442 | D:6      | Noticed a yak
  5442 | D:6      | Noticed a yak
  5442 | D:6      | Noticed a yak
  5444 | D:6      | Noticed a yak
  5460 | D:6      | Killed a yak
  5461 | D:6      | Reached skill level 3 in Fighting
  5461 | D:6      | Reached skill level 6 in Dodging
  5461 | D:6      | Reached XP level 8. HP: 29/40 MP: 3/15
  5467 | D:6      | Reached skill level 3 in Conjurations
  5803 | D:6      | Reached skill level 4 in Fighting
  5803 | D:6      | Reached skill level 7 in Dodging
  5972 | D:6      | Reached skill level 4 in Conjurations
  6141 | D:6      | Reached skill level 8 in Dodging
  6141 | D:6      | Reached XP level 9. HP: 46/46 MP: 3/16
  6154 | D:6      | Reached skill level 5 in Fighting
  6380 | D:6      | Learned a level 1 spell: Foxfire
  6752 | D:6      | Reached skill level 9 in Dodging
  6898 | D:6      | Found a faded altar of an unknown god.
  6899 | D:6      | Found a hazy altar of Hepliaklqana.
  7216 | D:7      | Reached skill level 5 in Conjurations
  7388 | D:7      | Learned a level 3 spell: Stone Arrow
  7476 | D:7      | Reached skill level 5 in Spellcasting
  7601 | D:7      | Found an opulent altar of Gozag.
  7702 | D:7      | Identified the +1 robe of Vokkiatt {Str+6}
  7995 | D:8      | Found Ysih's One-of-a-Kind Rings.
  8496 | D:8      | Reached ** piety under Vehumet
  8932 | D:8      | Offered knowledge of Searing Ray by Vehumet.
  9023 | D:8      | Reached XP level 10. HP: 49/53 MP: 11/19
  9162 | D:8      | Reached skill level 6 in Fighting
  9387 | D:8      | Reached skill level 10 in Dodging
  9581 | D:9      | Noticed a two-headed ogre
  9603 | D:8      | Reached skill level 6 in Spellcasting
  9902 | D:9      | Noticed a death yak
  9903 | D:9      | Noticed a death yak
  9970 | D:8      | Killed a death yak
 10323 | D:9      | Noticed a death yak
 10622 | D:8      | Killed a death yak
 10623 | D:8      | Reached skill level 7 in Spellcasting
 10890 | D:9      | Found a staircase to the Lair.
 10904 | D:9      | Killed a two-headed ogre
 10905 | D:9      | Reached skill level 11 in Dodging
 10905 | D:9      | Reached skill level 7 in Ice Magic
 11424 | D:8      | Killed a death yak
 11425 | D:8      | Reached skill level 7 in Fighting
 11627 | D:9      | Found a glowing golden altar of the Shining One.
 11656 | D:9      | Reached XP level 11. HP: 58/58 MP: 17/23
 11866 | D:9      | Reached skill level 8 in Spellcasting
 11873 | D:9      | Offered knowledge of Conjure Flame by Vehumet.
 11929 | D:9      | Reached *** piety under Vehumet
 12039 | D:9      | Found a staircase to the Orcish Mines.
 12141 | D:10     | Entered Level 10 of the Dungeon
 12144 | D:10     | Noticed a tengu warrior
 12159 | D:9      | Killed a tengu warrior
 12435 | D:10     | Found Derupp Hipha's General Store.
 12454 | D:10     | Bought 2 potions of flight for 66 gold pieces
 12765 | D:10     | Noticed a brown ugly thing
 12781 | D:10     | Killed a brown ugly thing
 12782 | D:10     | Reached skill level 12 in Dodging
 13066 | D:10     | Offered knowledge of Fulminant Prism by Vehumet.
 13587 | D:11     | Reached skill level 8 in Ice Magic
 13670 | D:11     | Noticed a two-headed ogre
 13686 | D:11     | Killed a two-headed ogre
 13763 | D:11     | Noticed Snorg
 13766 | D:11     | Noticed a purple ugly thing
 13776 | D:11     | Killed Snorg
 13777 | D:11     | Reached skill level 8 in Fighting
 13850 | D:10     | Killed a purple ugly thing
 14004 | D:11     | You fall into a shaft and drop 2 floors!
 14153 | D:11     | Noticed a boulder beetle
 14175 | D:11     | Reached skill level 13 in Dodging
 14509 | D:11     | Noticed a sixfirhy
 14514 | D:11     | HP: 1/60 [sixfirhy[a kobold demonologist] (7)]
 14514 | D:11     | Mangled by a sixfirhy

Vanquished Creatures
  Snorg (D:11)
  2 two-headed ogres
  3 death yaks (D:8)
  A tengu warrior (D:9)
  3 cyclopes (D:11)
  2 ugly things (D:10)
  A freezing wraith (D:10)
  A troll (D:11)
  A hornet (D:9)
  19 yaks
  A shadow (D:10)
  2 steam dragons
  2 vampire mosquitoes (D:10)
  3 water moccasins
  4 orc warriors
  2 ice beasts
  An ogre (D:9)
  5 centaurs
  2 kobold brigands
  3 bullfrogs
  4 scorpions
  A wyvern skeleton (D:6)
  8 killer bees
  A bullfrog zombie (D:5)
  3 electric eels (D:8)
  A centaur zombie (D:5)
  2 orc priests (D:9)
  2 hounds
  5 jellies
  Crazy Yiuf (D:5)
  A bullfrog skeleton (D:6)
  A centaur skeleton (D:7)
  Natasha (thrice) (D:3)
  8 orc wizards
  A hell rat (D:9)
  A hound skeleton (D:4)
  3 howler monkey zombies
  6 gnolls
  5 adders
  A howler monkey skeleton (D:4)
  A river rat (D:9)
  A white imp (D:7)
  2 adder skeletons
  2 dart slugs (D:1)
  31 orcs
  3 ball pythons
  7 endoplasms
  4 giant cockroaches (D:2)
  4 goblins
  11 hobgoblins
  9 jackals
  6 quokkas
  6 bats
  4 frilled lizards
  19 kobolds
  5 rats
232 creatures vanquished.

Vanquished Creatures (collateral kills)
  A yak (D:9)
  A foxfire (D:8)
2 creatures vanquished.

Vanquished Creatures (others)
  69 foxfires
  3 fungi (D:5)
  45 plants (D:8)
117 creatures vanquished.

Grand Total: 351 creatures vanquished

Table legend: (Time is in decaauts)
 A = Elapsed time spent in this place.
 B = Non-inter-level travel time spent in this place.
 C = Inter-level travel time spent in this place.
 D = Time resting spent in this place.
 E = Time spent auto-exploring this place.
 F = Levels seen in this place.
 G = Mean time per level.
                   A        B        C        D        E       F      G
               +--------+--------+--------+--------+--------+-----+--------+
         Total |  11567 |  11186 |    381 |   1066 |   8045 |  14 |  826.2 |
       Dungeon |  11400 |  11055 |    345 |   1066 |   7922 |  13 |  876.9 |
        Temple |    166 |    131 |     35 |      0 |    122 |   1 |  166.0 |
               +--------+--------+--------+--------+--------+-----+--------+

Top non-repeatable levels by time:
     D:8: 2280 daAuts
     D:6: 1320 daAuts
     D:9: 1212 daAuts
    D:10: 1159 daAuts
     D:4: 1066 daAuts
     D:5: 950 daAuts
     D:3: 866 daAuts
     D:2: 699 daAuts
     D:1: 614 daAuts
     D:7: 577 daAuts
    D:11: 532 daAuts
  Temple: 166 daAuts
    D:12: 102 daAuts
    D:13: 18 daAuts

Table legend:
 A = Non-vault XP
 B = Vault XP
 C = Vault XP percentage of total XP
 D = Non-vault monster count
 E = Vault monster count
 F = Vault count percentage of total count
                 A         B        C        D         E       F
            +---------+---------+-------+---------+---------+-------
      Total |   14939 |    4552 |  23.4 |     198 |      35 |  15.0
            +---------+---------+-------+---------+---------+-------
        D:1 |      36 |       0 |   0.0 |      20 |       0 |   0.0
        D:2 |      54 |       4 |   6.9 |      24 |       2 |   7.7
        D:3 |     150 |      36 |  19.4 |      18 |       1 |   5.3
        D:4 |     514 |       4 |   0.8 |      27 |       2 |   6.9
        D:5 |     503 |      41 |   7.5 |       7 |       1 |  12.5
        D:6 |    2850 |     206 |   6.7 |      28 |       5 |  15.2
        D:7 |     440 |       0 |   0.0 |      11 |       0 |   0.0
        D:8 |    1356 |    2459 |  64.5 |      22 |       3 |  12.0
        D:9 |    2859 |     891 |  23.8 |      18 |      20 |  52.6
       D:10 |    3347 |       0 |   0.0 |      13 |       0 |   0.0
       D:11 |    2681 |     911 |  25.4 |       5 |       1 |  16.7
       D:12 |     149 |       0 |   0.0 |       5 |       0 |   0.0
            +---------+---------+-------+---------+---------+-------
